Map: Dusk Towers

Players

Ancestor

  • Race: Protoss Protoss
  • League: Master

FinnsoN - Winner!

  • Race: Terran Terran
  • League: Master

VOD

Have the link to the VOD?

Description

Time

  • Played on: July 10, 2016, 11:36 a.m.
  • Length: 6:22
Show
View Real Time Build Order
Export as new Build Order

Ancestor Protoss 

Build Orders: 1 Gate Expand 

Get SALT Encoding   

  12  0:00  Probe (Chrono Boost)  
  13  0:11  Probe (Chrono Boost)  
  14  0:17  Pylon  
  14  0:22  Probe (Chrono Boost)  
  16  0:35  Probe (Chrono Boost)  
  16  0:36  Gateway  
  16  0:43  Assimilator  
  16  0:46  Probe (Chrono Boost)  
  17  0:56  Probe (Chrono Boost)  
  18  1:07  Probe (Chrono Boost)  
  19  1:23  Nexus  
  19  1:29  Cybernetics Core  
  19  1:33  Probe (Chrono Boost)  
  19  1:37  Assimilator  
  20  1:44  Probe (Chrono Boost)  
  21  1:48  Pylon  
  21  1:54  Probe (Chrono Boost)  
  22  2:07  Mothership Core (Chrono Boost)  
  24  2:11  Adept (Chrono Boost)  
  24  2:13  Pylon  
  26  2:19  Warp Gate (Chrono Boost)  
  26  2:25  Probe  
  27  2:37  Stalker (Chrono Boost)  
  29  2:39  Gateway  
  29  2:42  Probe  
  32  3:03  Stalker (Chrono Boost)  
  32  3:07  Pylon  
  29  3:20  Gateway  
  29  3:21  Gateway  
  29  3:24  Probe  
  29  3:25  Pylon  
  29  3:26  Probe  
  31  3:30  Stalker (Chrono Boost)  
  33  3:46  Stalker (Chrono Boost), Probe  
  33  3:47  Probe  
  37  3:53  Stalker (Chrono Boost)  
  37  3:58  Probe  
  37  3:59  Probe  
  41  4:20  Stalker x2  
  41  4:23  Stalker  
  47  4:30  Stalker  
  49  4:35  Pylon  
  49  4:44  Stalker x3  
  55  4:50  Stalker  
  57  5:05  Stalker  
  57  5:07  Stalker x2  
  61  5:11  Stalker  
  26  6:16  Stalker x3  
  26  6:17  Stalker  
Show
View Real Time Build Order
Export as new Build Order

FinnsoN Terran - Winner!

Build Orders:  

Get SALT Encoding   

  12  0:00  SCV  
  13  0:13  SCV  
  14  0:17  Supply Depot  
  14  0:25  SCV  
  15  0:39  SCV  
  15  0:40  Barracks  
  16  0:45  Refinery  
  16  0:51  SCV  
  17  1:03  SCV  
  18  1:15  SCV  
  19  1:28  Orbital Command, Barracks Reactor  
  19  1:44  Command Center  
  19  1:53  Supply Depot  
  19  1:56  SCV  
  20  2:05  Marine x2  
  20  2:08  SCV  
  23  2:17  Factory  
  23  2:20  SCV  
  24  2:23  Marine x2  
  26  2:32  SCV  
  27  2:40  Marine x2  
  29  2:44  SCV  
  30  2:56  SCV, Orbital Command  
  31  2:59  Marine x2  
  33  3:05  Starport  
  33  3:08  SCV  
  34  3:13  Widow Mine  
  34  3:17  Marine  
  37  3:20  SCV  
  37  3:25  SCV  
  39  3:29  Supply Depot  
  39  3:32  SCV  
  39  3:34  Marine  
  41  3:35  Marine  
  41  3:37  SCV  
  42  3:41  Widow Mine  
  42  3:45  SCV  
  45  3:49  Supply Depot, SCV  
  45  3:51  Marine, Medivac  
  45  3:53  Marine  
  50  3:57  SCV  
  50  4:02  SCV  
  52  4:05  Engineering Bay  
  52  4:09  SCV, Marine  
  54  4:11  Marine  
  54  4:14  SCV  
  54  4:15  Command Center  
  56  4:21  SCV  
  57  4:27  SCV, Marine  
  57  4:31  Marine  
  59  4:32  Factory Tech Lab  
  59  4:34  SCV  
  59  4:35  Refinery  
  61  4:39  Supply Depot  
  61  4:40  SCV  
  62  4:56  Barracks  
  62  4:59  Barracks  
  62  5:00  Marine x2  
  62  5:01  SCV x2, Siege Tank  
  62  5:02  Supply Depot, Refinery  
  62  5:03  Supply Depot  
  69  5:13  SCV  
  70  5:19  Starport Reactor  
  70  5:23  Marine x2, SCV  
  70  5:25  Supply Depot, SCV  
  70  5:26  Supply Depot  
  74  5:29  Orbital Command  
  74  5:35  SCV  
  67  5:37  SCV  
  67  5:41  Marine x2  
  60  5:44  Marine  
  60  5:46  Marine  
  60  5:49  SCV  
  52  5:58  Marine x2  
  52  6:00  Supply Depot  
  52  6:02  Marine  
  52  6:03  Marine  
  52  6:07  SCV  
  52  6:10  SCV  
  52  6:18  Supply Depot  
Tags
 
Add a new tag
Caveats
  • Supply blocks, unpowered buildings, or Contaminate may cause inaccurate times.
  • Supply counts are checked every 10 seconds.